 Dungeon Crawl Stone Soup version 0.28-a0-667-g162e43154e (webtiles) character file.

Game seed: 5963226944758769239

22934 Lekart the Carver (level 12, -10/104 HPs)
             Began as a Black Draconian Fighter on Oct 17, 2021.
             Was a Follower of the Shining One.
             Mangled by an orc knight (22 damage)
             ... on level 1 of the Orcish Mines.
             The game lasted 00:43:58 (18072 turns).

Lekart the Carver (Black Draconian Fighter)        Turns: 18072, Time: 00:43:58

Health: -10/104    AC: 16    Str: 22    XL:     12   Next: 67%
Magic:  21/23      EV: 16    Int: 10    God:    the Shining One [*.....]
Gold:   413        SH:  6    Dex: 15    Spells: 21/25 levels left

rFire   . . .      SeeInvis .   y - +9 great sword of Midnight {flame, Dex+4}
rCold   . . .      Faith    .   (shield currently unavailable)
rNeg    . . .      Spirit   .   (armour unavailable)
rPois   +          Reflect  .   (helmet restricted)
rElec   +          Harm     .   l - +2 cloak
rCorr   .          Rampage  .   e - +0 pair of gloves
Will    .....                   (no boots)
Stlth   +.........              B - amulet of regeneration
HPRegen 1.27/turn               D - ring of poison resistance
MPRegen 0.18/turn               o - +4 ring of protection

@: divinely shielded, slowed, glowing, very slow
A: breathe lightning, AC +8, unfitting armour, electricity resistance,
cold-blooded
a: Breathe Lightning, Renounce Religion


You were on level 1 of the Orcish Mines.
You worshipped the Shining One.
The Shining One was aware of your devotion.
You visited 3 branches of the dungeon, and saw 14 of its levels.
You also visited: Ice Cave.

You collected 953 gold pieces.
You spent 540 gold pieces at shops.

Inventory:

Hand Weapons
 p - a +2 falchion of flaming
 y - the +9 great sword of Midnight (weapon) {flame, Dex+4}
   (You bought it in a shop on level 1 of the Dungeon)

   It burns those it strikes, dealing additional fire damage.
   Big, fiery blades are also staple armaments of hydra-hunters.
   Dex:       It affects your dexterity (+4).
Missiles
 m - 5 silver javelins (quivered)
Armour
 b - a +0 buckler
 e - a +0 pair of gloves (worn)
 j - a scarf of resistance
 l - a +2 cloak (worn)
Jewellery
 d - a ring of resist corrosion
 o - a +4 ring of protection (right hand)
 B - an amulet of regeneration (around neck)
 D - a ring of poison resistance (left hand)
Wands
 h - a wand of charming (12)
 k - a wand of mindburst (2)
 t - a wand of polymorph (21)
 x - a wand of iceblast (13)
 A - a wand of paralysis (2)
 E - a wand of flame (19)
Scrolls
 f - a scroll of magic mapping
 g - 2 scrolls of identify
 q - a scroll of teleportation
 r - a scroll of silence {unknown}
 s - 2 scrolls of immolation {unknown}
 z - a scroll of fog {unknown}
Potions
 a - a potion of invisibility
 c - a potion of might
 i - a potion of haste
 n - a potion of flight {unknown}
 u - 2 potions of curing
 C - a potion of brilliance {unknown}
Miscellaneous
 w - a lightning rod (1/4)


   Skills:
 + Level 9.0 Fighting
 + Level 11.3 Long Blades
 + Level 4.4 Throwing
 * Level 8.5 Dodging
 - Level 7.5 Shields
 + Level 0.3 Unarmed Combat
 * Level 7.4 Spellcasting
 * Level 7.1 Hexes
 + Level 0.2 Transmutations
 + Level 2.8 Evocations


You had 21 spell levels left.
You knew the following spells:

 Your Spells              Type           Power      Damage    Failure   Level
a - Slow                  Hex            18%        N/A       1%          2
b - Wereblood             Tmut           4%         N/A       26%         2

Your spell library contained the following spells:

 Spells                   Type           Power      Damage    Failure   Level
 Confusing Touch          Hex            18%        N/A       2%          3
 Sting                    Tmut/Pois      12%        1d3       17%         1
 Corpse Rot               Necr/Air       N/A        N/A       26%         2
 Poisonous Vapours        Pois/Air       6%         N/A       26%         2
 Sublimation of Blood     Necr           1%         N/A       26%         2
 Ignite Poison            Fire/Tmut/Pois 3%         N/A       45%         3
 Conjure Flame            Conj/Fire      3%         6-21      47%         3
 Gell's Gravitas          Tloc           1%         N/A       47%         3
 Lesser Beckoning         Tloc           3%         N/A       47%         3
 Teleport Other           Tloc           3%         N/A       47%         3
 Vampiric Draining        Necr           1%         2d6       47%         3
 Olgreb's Toxic Radiance  Pois           3%         N/A       87%         4
 Sticky Flame             Conj/Fire      3%         2d3       87%         4
 Blade Hands              Tmut           2%         N/A       99%         5
 Irradiate                Conj/Tmut      1%         3d14      99%         5
 Iskenderun's Battlesphe  Conj           3%         2d6       99%         5
 Iron Shot                Conj/Erth      1%         9d1       100%        6
 Dragon Form              Tmut           2%         N/A       100%        7
 Spellforged Servitor     Conj/Summ      1%         N/A       100%        7
 Summon Hydra             Summ           1%         N/A       100%        7


Dungeon Overview and Level Annotations

Branches:
Dungeon (12/15)            Temple (1/1) D:7            Lair (0/6) D:11
    Orc (1/2) D:9           IceCv (visited)

Altars:
Ashenzari
Cheibriados
Dithmenos
Elyvilon
Fedhas
Gozag
Hepliaklqana
Kikubaaqudgha
Makhleb
Nemelex Xobeh
Okawaru
Qazlal
Ru
Sif Muna
Trog
Uskayaw
Vehumet
Wu Jian
Xom
Yredelemnul
Zin
The Shining One

Shops:
D:1 *   D:6 [   D:11 *((*(   Orc:1 (=[


Innate Abilities, Weirdness & Mutations

You can breathe wild blasts of lightning.
Your glossy black scales are hard. (AC +8)
You cannot fit into any form of body armour.
You are resistant to electric shocks. (rElec)
You are cold-blooded and may be slowed by cold attacks.


Message History

The +1 rapier of freezing hits you.
You feel as though you will be slow longer.
The +1 rapier of freezing freezes you.
You slash the orc knight! You burn the orc knight.
The orc knight is moderately wounded.
The +0 rapier of speed hits you.
The orc knight hits you but does no damage.
The +1 rapier of freezing hits you.
You feel as though you will be slow longer.
The +1 rapier of freezing freezes you. The +0 rapier of speed misses you.
You slash the orc knight! You burn the orc knight.
The orc knight is heavily wounded.
The orc knight hits you with a +0 great mace!
The +0 rapier of speed closely misses you.
The +1 rapier of freezing closely misses you.
The +0 rapier of speed hits you but does no damage.
The orc knight hits you but does no damage.
The +1 rapier of freezing misses you.
You slash the orc knight! You burn the orc knight.
The orc knight is severely wounded.
You block the +0 rapier of speed's attack.
The orc knight hits you with a +0 great mace!!
The +1 rapier of freezing hits you!
* * * LOW HITPOINT WARNING * * *
The +1 rapier of freezing freezes you.
* * * LOW HITPOINT WARNING * * *
The +0 rapier of speed hits you but does no damage.
The orc knight hits you with a +0 great mace!
* * * LOW HITPOINT WARNING * * *
You completely miss the orc knight.
The orc knight is severely wounded.
The +0 rapier of speed hits you.
* * * LOW HITPOINT WARNING * * *
The +1 rapier of freezing hits you.
* * * LOW HITPOINT WARNING * * *
You feel as though you will be slow longer.
The +1 rapier of freezing freezes you.
* * * LOW HITPOINT WARNING * * *
The orc knight hits you with a +0 great mace!!
You die...

###..#####......##..#..##
###..####...#..##...#...#
#....####......#....##.(.
#...∩.........###.#..##.o
####....#..[###.......###
####..##.....#....#..##
##.....##........###...#
#.......##[.......##...##
###..##..(@[...[.........#
##.##.....)(o............##
#.......................##
##.##.......#.##......###
######................##
##..................##
#....................#
#...................##
##.......>.......####


You could see an orc knight and 2 dancing weapons.

Vanquished Creatures
  An orc warlord (D:9)
  2 hydras
  A centaur warrior (D:9)
  2 two-headed ogres
  Urug (Orc:1)
  4 death yaks
  A deep elf knight (D:11)
  The ghost of Silenceoftheyaks the Destroyer, a novice DgWz (D:9)
  Pikel (D:5)
  A centaur zombie (D:10)
  An ice statue (IceCv)
  A gargoyle (D:11)
  Psyche (D:11)
  An unseen horror (D:12)
  A kobold demonologist (D:10)
  A rime drake (IceCv)
  A komodo dragon (D:11)
  2 trolls
  4 polar bears (IceCv)
  A slime creature (D:12)
  4 dancing weapons (D:11)
  A wyvern (D:9)
  Eustachio (D:6)
  A shadow (D:9)
  23 yaks
  2 wraiths
  3 steam dragons
  A vampire mosquito (D:11)
  Menkaure (D:4)
  2 water moccasins
  A sky beast (D:8)
  9 orc warriors
  A black bear (D:6)
  3 ogres
  17 centaurs
  11 wolves (IceCv)
  2 phantoms
  4 lemures
  4 kobold brigands
  A bullfrog (D:9)
  A gnoll sergeant (D:12)
  A two-headed ogre simulacrum (D:12)
  2 wyvern zombies (D:7)
  2 scorpions
  A cane toad simulacrum (D:12)
  A water moccasin zombie (D:5)
  4 troll zombies (D:9)
  4 killer bees (D:8)
  3 wights (D:7)
  6 howler monkeys
  A bullfrog zombie (D:3)
  2 bullfrog skeletons (D:4)
  A jelly (D:4)
  3 orc priests
  A centaur skeleton (D:5)
  4 iguanas
  9 orc wizards
  A troll simulacrum (D:12)
  A spriggan simulacrum (D:12)
  A polar bear simulacrum (D:12)
  A killer bee zombie (D:8)
  A wolf simulacrum (D:12)
  4 ogre zombies (D:9)
  A hound skeleton (D:4)
  2 howler monkey zombies
  2 naga simulacra (D:12)
  9 adders
  3 river rats (D:11)
  A white imp (D:7)
  An adder skeleton (D:4)
  2 worms (D:3)
  2 dart slugs
  35 orcs
  5 bats
  10 endoplasms
  3 giant cockroaches (D:1)
  6 goblins
  5 quokkas
  8 ball pythons
  A frilled lizard (D:1)
  A goblin skeleton (D:9)
  3 goblin zombies (D:9)
  2 hobgoblin zombies (D:9)
  26 kobolds
  2 orc skeletons (D:9)
  16 orc zombies (D:9)
  6 rats
328 creatures vanquished.

Vanquished Creatures (collateral kills)
  A killer bee (D:8)
1 creature vanquished.

Vanquished Creatures (others)
  A yak (D:8)
  4 bushes (D:5)
  A plant (Temple)
  2 withered plants (D:9)
8 creatures vanquished.

Grand Total: 337 creatures vanquished

Notes
Turn   | Place    | Note
-------+----------+-------------------------------------------
     0 | D:1      | Lekart the Draconian Fighter began the quest for the Orb.
     0 | D:1      | Reached XP level 1. HP: 19/19 MP: 1/1
   197 | D:1      | Reached XP level 2. HP: 26/26 MP: 2/2
   242 | D:1      | Found Esuere's Assorted Antiques.
   617 | D:1      | Found a faded altar of an unknown god.
   632 | D:1      | Reached XP level 3. HP: 31/33 MP: 3/3
  1437 | D:2      | Reached skill level 1 in Throwing
  1803 | D:2      | Reached XP level 4. HP: 40/40 MP: 4/4
  2701 | D:3      | Reached XP level 5. HP: 21/46 MP: 5/5
  3234 | D:3      | HP: 1/46 [orc (3)]
  4069 | D:4      | Reached XP level 6. HP: 39/52 MP: 6/6
  4215 | D:4      | Noticed Menkaure
  4226 | D:4      | Killed Menkaure
  4227 | D:4      | Reached skill level 3 in Long Blades
  4736 | D:5      | Entered Level 5 of the Dungeon
  5045 | D:4      | Your scales start taking on a glossy black colour.
  5045 | D:4      | Reached XP level 7. HP: 21/60 MP: 7/7
  5045 | D:4      | Gained mutation: You are resistant to electric shocks.
                  | (rElec) [Black Draconian growth]
  5307 | D:4      | Learned a level 2 spell: Slow
  5470 | D:5      | Reached skill level 4 in Long Blades
  5819 | D:5      | Reached skill level 1 in Spellcasting
  5819 | D:5      | Reached skill level 1 in Hexes
  6102 | D:5      | Noticed Pikel
  6571 | D:5      | Killed Pikel
  6572 | D:5      | Reached skill level 5 in Fighting
  6572 | D:5      | Reached skill level 5 in Long Blades
  6572 | D:5      | Reached skill level 5 in Dodging
  6572 | D:5      | Reached XP level 8. HP: 58/68 MP: 8/11
  7344 | D:5      | Found an ornate altar of the Wu Jian Council.
  7458 | D:5      | Became a worshipper of the Wu Jian Council
  7503 | D:6      | Found Cuerugg's Armour Boutique.
  7989 | D:6      | Noticed Eustachio
  8013 | D:6      | Killed Eustachio
  8454 | D:6      | Reached XP level 9. HP: 61/75 MP: 13/13
  9070 | D:7      | Reached skill level 6 in Long Blades
  9716 | D:7      | Found a staircase to the Ecumenical Temple.
 10521 | D:8      | Reached skill level 5 in Shields
 10785 | D:8      | Reached * piety under Wu Jian
 10935 | D:8      | Reached XP level 10. HP: 77/84 MP: 16/16
 11309 | D:8      | Reached skill level 7 in Long Blades
 12169 | D:9      | Reached skill level 1 in Evocations
 12194 | D:9      | Reached ** piety under Wu Jian
 12537 | D:9      | Noticed a centaur warrior
 12768 | D:9      | Killed a centaur warrior
 12979 | D:9      | Found a staircase to the Orcish Mines.
 13336 | D:9      | Found a runed translucent door.
 13337 | D:9      | Noticed Silenceoftheyaks's ghost (novice DgWz)
 13431 | D:9      | Identified the +10 plate armour "Ovuqan" {rF+ rN++ Int-2}
 13592 | D:9      | Noticed a two-headed ogre
 13606 | D:9      | Killed a two-headed ogre
 13607 | D:9      | Reached skill level 8 in Long Blades
 13607 | D:9      | Reached skill level 5 in Spellcasting
 13607 | D:9      | Reached skill level 5 in Hexes
 14260 | D:9      | Killed Silenceoftheyaks's ghost
 14562 | D:1      | Bought a warped great sword for 287 gold pieces
 14562 | D:1      | Identified the +9 great sword of Midnight {flame, Dex+4}
                  | (You bought it in a shop on level 1 of the Dungeon)
 14847 | D:10     | Entered Level 10 of the Dungeon
 14871 | D:10     | Reached XP level 11. HP: 92/92 MP: 17/19
 14888 | D:10     | Noticed a two-headed ogre
 14894 | D:10     | Killed a two-headed ogre
 15309 | D:11     | Found Verix's Antique Weapon Emporium.
 15313 | D:11     | Bought an ichor-stained battleaxe for 253 gold pieces
 15313 | D:11     | Identified the +5 battleaxe of Seled {vorpal, *Slow rN++
                  | Str-4 SInv} (You bought it in a shop on level 11 of the
                  | Dungeon)
 15325 | D:11     | Found Cisits's Weapon Emporium.
 15334 | D:11     | Found Manea's General Store.
 15390 | D:11     | Noticed a death yak
 15391 | D:11     | Noticed a death yak
 15392 | D:11     | Noticed a death yak
 15419 | D:11     | Killed a death yak
 15424 | D:11     | Noticed a seven-headed hydra
 15432 | D:11     | Killed a death yak
 15433 | D:11     | Reached skill level 9 in Long Blades
 15450 | D:10     | Killed a two-headed hydra
 15501 | D:10     | Killed a death yak
 15636 | D:11     | Noticed Psyche
 15656 | D:11     | Killed Psyche
 15656 | D:11     | Reached *** piety under Wu Jian
 15731 | D:11     | Found Xefink's Weapon Shop.
 15894 | Temple   | Entered the Ecumenical Temple
 16072 | Temple   | Fell from the grace of Wu Jian
 16072 | Temple   | Became a worshipper of the Shining One
 16232 | D:11     | Found Ixzea's General Store.
 16402 | D:11     | Found a staircase to the Lair.
 16478 | D:12     | Reached skill level 10 in Long Blades
 16485 | D:12     | Found a frozen archway.
 16543 | IceCv    | Entered an ice cave
 16573 | IceCv    | Reached * piety under the Shining One
 16600 | IceCv    | Reached XP level 12. HP: 69/103 MP: 21/21
 16792 | IceCv    | Noticed a death yak
 16792 | IceCv    | Noticed a death yak
 16792 | IceCv    | Noticed an ironbound frostheart
 16793 | IceCv    | Noticed a death yak
 16793 | IceCv    | Noticed a death yak
 16793 | IceCv    | Noticed an ironbound frostheart
 16812 | IceCv    | Killed a death yak
 16990 | D:12     | Learned a level 2 spell: Wereblood
 17041 | D:12     | Noticed a four-headed hydra
 17046 | D:12     | Noticed an ogre mage
 17065 | D:12     | Paralysed by an ogre mage for 4 turns
 17232 | D:11     | Killed a one-headed hydra
 17238 | D:11     | Reached skill level 11 in Long Blades
 17361 | Orc:1    | Entered Level 1 of the Orcish Mines
 17393 | Orc:1    | Found Aleomacw's Antique Weapon Emporium.
 17514 | Orc:1    | Noticed an orc warlord
 17740 | Orc:1    | Noticed Urug
 17740 | Orc:1    | Reached ** piety under the Shining One
 17740 | Orc:1    | Paralysed by Urug for 5 turns
 17765 | Orc:1    | Paralysed by Urug for 7 turns
 17780 | Orc:1    | Paralysed by Urug for 3 turns
 17795 | Orc:1    | Killed Urug
 17842 | Orc:1    | Found Suddoc's Jewellery Shop.
 17860 | Orc:1    | Found Telogyz's Armour Shop.
 18010 | D:9      | Killed an orc warlord
 18072 | Orc:1    | Mangled by an orc knight

Illustrated notes

Levels and vault maps discovered:
D:1:      pf_arrival_petrified_forest, layout_basic,
          dreamdust_ecumenical_altar_angels_and_demons, serial_shops,
          nicolae_square_shop
D:2:      layout_basic
D:3:      layout_basic, cheibrodos_sewer_entry_bend
D:4:      layout_loops_cross, minmay_crystal_room, kennysheep_flooded_box,
          uniq_menkaure
D:5:      layout_rooms, nicolae_wu_jian_immortal_techniques,
          columned_hall_lemuel, minmay_hedge_maze, uniq_pikel
D:6:      layout_loops_ring, serial_shops, shop, uniq_eustachio
D:7:      layout_rooms, temple_hall
D:8:      layout_basic, dk_rats_in_the_wall
D:9:      layout_layer_cave, zombieorc2_lemuel, gammafunk_ghost_grave,
          minmay_between
D:10:     layout_cave_pools
D:11:     layout_rooms, dpeg_lair_monsters, serial_shops, nicolae_square_shop,
          shop, nicolae_shop_behind_doors, shop_statue, shop, uniq_psyche
D:12:     hangedman_cross_cluster, layout_gridville,
          portal_ice_cave_entry_ice_simulacra, uniq_fannar, uniq_rupert
Temple:   kilobyte_greek_temple
Orc:1:    cheibrodos_orc_arena, layout_caves, serial_shops, shop,
          nicolae_shop_behind_doors, nicolae_square_shop, shop,
          gammafunk_ghost_arena, uniq_urug

Skill      XL: |  1  2  3  4  5  6  7  8  9 10 11 12 |
---------------+-------------------------------------+-----
Dodging        | 3 5 6 7 8 |  8.5
Throwing       | 1 2 3 4 |  4.4
Fighting       | 4 5 6 7 8 9 |  9.0
Long Blades    | 3 5 6 8 10 11 | 11.3
Spellcasting   | 2 4 5 6 7 |  7.4
Hexes          | 2 4 5 6 7 |  7.1
Shields        | 4 5 7 |  7.5
Evocations     | 2 |  2.8
Unarmed Combat | |  0.3
Transmutations | |  0.2

Action                   |  1- 3 |  4- 6 |  7- 9 | 10-12 || total
-------------------------+-------+-------+-------+-------++-------
Melee: Long sword        |    41 |   111 |   158 |       ||   310
       Tailslap          |     2 |    17 |    36 |    91 ||   146
       Falchion          |       |       |   143 |   211 ||   354
       Unarmed           |       |       |     2 |       ||     2
       Great sword       |       |       |       |   316 ||   316
Throw: Boomerang         |   106 |   119 |       |       ||   225
 Cast: Slow              |       |       |       |     1 ||     1
       Wereblood         |       |       |       |     2 ||     2
Invok: Lunge             |       |       |    10 |    13 ||    23
       Whirlwind         |       |       |       |    10 ||    10
       Divine Shield     |       |       |       |     1 ||     1
 Abil: Breathe Lightning |       |       |     9 |     9 ||    18
       Wall Jump         |       |       |       |    33 ||    33
Evoke: Wand              |       |       |     8 |    54 ||    62
       Lightning rod     |       |       |       |     8 ||     8
  Use: Scroll            |     2 |     3 |     3 |     4 ||    12
       Potion            |     1 |     3 |     2 |     4 ||    10
 Stab: Sleeping          |     2 |       |       |       ||     2
       Paralysed         |       |       |       |     6 ||     6
Armor: Skin              |    24 |    95 |   184 |   317 ||   620
Dodge: Dodged            |    64 |   110 |   212 |   442 ||   828
Block: Buckler           |    22 |    37 |    28 |       ||    87
       Tower shield      |       |       |   166 |   165 ||   331
       Other             |       |       |       |     1 ||     1

Table legend: (Time is in decaauts)
 A = Elapsed time spent in this place.
 B = Non-inter-level travel time spent in this place.
 C = Inter-level travel time spent in this place.
 D = Time resting spent in this place.
 E = Time spent auto-exploring this place.
 F = Levels seen in this place.
 G = Mean time per level.
                   A        B        C        D        E       F      G
               +--------+--------+--------+--------+--------+-----+--------+
         Total |  18472 |  17395 |   1077 |   5647 |   7765 |  15 | 1231.5 |
       Dungeon |  17362 |  16287 |   1075 |   5565 |   7429 |  12 | 1446.8 |
        Temple |    220 |    220 |      0 |      0 |    128 |   1 |  220.0 |
  Orcish Mines |    539 |    539 |      0 |     41 |    187 |   1 |  539.0 |
      Ice Cave |    349 |    349 |      0 |     41 |     20 |   1 |  349.0 |
               +--------+--------+--------+--------+--------+-----+--------+

Top non-repeatable levels by time:
     D:9: 2468 daAuts
     D:8: 2264 daAuts
     D:3: 1897 daAuts
     D:6: 1666 daAuts
     D:5: 1651 daAuts
     D:2: 1631 daAuts
     D:4: 1630 daAuts
     D:7: 1197 daAuts
     D:1: 1123 daAuts
    D:11: 889 daAuts
    D:10: 631 daAuts
   Orc:1: 539 daAuts
   IceCv: 349 daAuts
    D:12: 310 daAuts
  Temple: 220 daAuts
